 Dungeon Crawl Stone Soup version 0.27.0-1-g7a089689b8 (webtiles) character file.

Game seed: 16625574173740371194

94794 Unholydonuts the Executioner (level 15, -16/126 HPs)
             Began as a Minotaur Berserker on Aug 7, 2021.
             Was a High Priest of Trog.
             Demolished by a cyan ugly thing (17 damage)
             ... on level 14 of the Dungeon.
             The game lasted 00:54:26 (26065 turns).

Unholydonuts the Executioner (Minotaur Berserker)  Turns: 26065, Time: 00:54:27

Health: -16/126    AC: 24    Str: 25    XL:     15   Next: 64%
Magic:  23/23      EV: 11    Int:  8    God:    Trog [*****.]
Gold:   2067       SH:  0    Dex: 17    Spells: 14/14 levels left

rFire    + + .     SeeInvis +   w - +3 executioner's axe of Zuifuph {flame, rN++ MP+9 Int+4 Dex-2}
rCold    + . .     Faith    .   (shield currently unavailable)
rNeg     + + .     Spirit   .   y - +2 plate armour {rF+}
rPois    .         Reflect  .   m - +2 hat
rElec    .         Harm     .   H - scarf {rC+ rF+}
rCorr    .         Rampage  ∞   U - +0 pair of gloves
Will     +++..                  M - +3 pair of seven-league boots {Rampage+∞}
Stlth    ..........             q - amulet of the acrobat
HPRegen  1.31/turn              A - +6 ring of dexterity
MPRegen  0.18/turn              B - ring of see invisible {sInv, !d}

@: strong-willed, on berserk cooldown, regenerating
A: horns 2, retaliatory headbutt
a: Renounce Religion, Berserk, Trog's Hand, Brothers in Arms


You were on level 14 of the Dungeon.
You worshipped Trog.
Trog was extremely pleased with you.
You visited 3 branches of the dungeon, and saw 22 of its levels.
You also visited: Ossuary.

You collected 2379 gold pieces.
You spent 312 gold pieces at shops.

Inventory:

Hand Weapons
 w - the +3 executioner's axe of Zuifuph (weapon) {flame, rN++ MP+9 Int+4 Dex-2}
   (You acquired it on level 9 of the Dungeon)

   It burns those it strikes, dealing additional fire damage.
   Big, fiery blades are also staple armaments of hydra-hunters.
   Int:       It affects your intelligence (+4).
   Dex:       It affects your dexterity (-2).
   rN:        It greatly protects you from negative energy.
   MP:        It affects your magic capacity (+9).
 F - a +9 antimagic executioner's axe
   (Trog gifted it to you on level 11 of the Dungeon)
Missiles
 L - 2 curare-tipped darts
Armour
 c - a +2 pair of gloves of strength
   (You found it on level 14 of the Dungeon)
 m - a +2 hat (worn)
   (You found it on level 2 of the Dungeon)
 y - a +2 plate armour of fire resistance (worn)
   (You took it off an orc warrior on level 2 of the Orcish Mines)
 H - a scarf of resistance (worn)
   (You found it on level 7 of the Dungeon)
 M - the +3 pair of seven-league boots (worn) {Rampage+∞}
   (You acquired it on level 6 of the Lair of Beasts)

   Its wearer moves as far as possible in that direction when moving towards
   enemies.
 N - the +7 chain mail "Ufysib" {rPois Regen+ Dex-2}
   (You found it on level 11 of the Dungeon)

   Dex:       It affects your dexterity (-2).
   rPois:     It protects you from poison.
   Regen:     It increases your rate of health regeneration.
 U - a +0 pair of gloves (worn)
   (You found it on level 3 of the Lair of Beasts)
Jewellery
 q - an amulet of the acrobat (around neck)
   (You found it on level 4 of the Dungeon)
 A - a +6 ring of dexterity (left hand)
   (You found it on level 6 of the Dungeon)
 B - a ring of see invisible (right hand) {sInv, !d}
   (You found it on level 6 of the Dungeon)
 P - a ring of willpower
   (You found it on level 10 of the Dungeon)
 S - a ring of flight {+Fly, !d}
   (You found it on level 2 of the Lair of Beasts)
 Z - a ring of protection from fire {rF+, !d}
   (You found it on level 14 of the Dungeon)
Wands
 p - a wand of flame (12)
   (You took it off a kobold on level 9 of the Dungeon)
 C - a wand of digging (25)
   (You found it on level 6 of the Dungeon)
 I - a wand of iceblast (61)
   (You found it on level 7 of the Dungeon)
 Q - a wand of acid (14)
   (You found it on level 10 of the Dungeon)
 V - a wand of paralysis (20)
   (You found it on level 3 of the Lair of Beasts)
 X - a wand of polymorph (14)
   (You found it on level 13 of the Dungeon)
Scrolls
 d - 5 scrolls of enchant weapon
 e - 3 scrolls of immolation {!r}
 j - 2 scrolls of enchant armour
 k - 4 scrolls of fear
 l - 5 scrolls of magic mapping {!r}
 n - 10 scrolls of identify
 o - 2 scrolls of holy word {!r}
 x - a scroll of brand weapon
 E - 8 scrolls of teleportation
 T - 4 scrolls of vulnerability {!r!r}
 W - a scroll of blinking {!r}
Potions
 a - 5 potions of lignification {!q}
 f - 4 potions of invisibility
 g - 5 potions of curing
 h - 7 potions of haste
 s - 2 potions of cancellation
 t - 3 potions of heal wounds
 v - 4 potions of attraction {!q}
 z - 2 potions of flight
 G - 4 potions of mutation {!q}
 K - 4 potions of might
 O - 11 potions of ambrosia
 R - a potion of magic
Miscellaneous
 b - a condenser vane
   (You found it on level 11 of the Dungeon)
 Y - a box of beasts
   (You found it on level 14 of the Dungeon)


   Skills:
 - Level 10.1 Fighting
 * Level 25.8 Axes
 - Level 9.8 Armour
 - Level 8.9 Dodging


You had 14 spell levels left.
You didn't know any spells.
Your spell library was empty.

Dungeon Overview and Level Annotations

Branches:
Dungeon (14/15)            Temple (0/1) D:6            Lair (6/6) D:8
  Swamp (0/4) Lair:4        Snake (0/4) Lair:2        Slime (0/5) Lair:6
    Orc (2/2) D:9             Elf (0/3) Orc:2        Vaults (0/5) D:13
Ossuary (visited)

Altars:
Ashenzari
Elyvilon
Makhleb
Okawaru
Qazlal
Vehumet
Jiyva

Shops:
D:6 !   Orc:2 (:([*


Innate Abilities, Weirdness & Mutations

You have a pair of horns on your head.
You reflexively headbutt those who attack you in melee.


Message History

You feel strong-willed.
The sentinel's mark upon you fades away.
The cyan ugly thing closely misses you.
A cyan ugly thing comes into view.
The cyan ugly thing tail-slaps you but does no damage.
The cyan ugly thing basks in the mutagenic energy from its kin and changes!
Warning x2: The purple ugly thing can hit for high damage in melee!
The seven-headed hydra can hit for high damage in melee!
You're still recovering from your berserk rage.
Warning x2: The purple ugly thing can hit for high damage in melee!
The seven-headed hydra can hit for high damage in melee!
You closely miss the cyan ugly thing. You headbutt the cyan ugly thing.
You slash the white ugly thing! You burn the white ugly thing.
You hit the cyan ugly thing. You burn the cyan ugly thing.
The cyan ugly thing engulfs you but does no damage.
An acid dragon comes into view.
The cyan ugly thing tail-slaps you but does no damage.
Spoiler Alert: The purple ugly thing can hit for high damage in melee!
You slash the white ugly thing! You burn the white ugly thing.
You headbutt the white ugly thing, but do no damage.
You slice the cyan ugly thing!! You burn the cyan ugly thing!
You closely miss the cyan ugly thing.
The cyan ugly thing completely misses you.
The cyan ugly thing basks in the mutagenic energy from its kin and changes!
The white ugly thing pecks you but does no damage.
Warning x2: The brown ugly thing is fas and can hit for high damage in melee, corroding equipment!
The purple ugly thing can hit for high damage in melee!
You slice the white ugly thing!! You burn the white ugly thing.
You kill the white ugly thing!
Trog accepts your kill.
You slash the brown ugly thing! You burn the brown ugly thing.
You slice the cyan ugly thing!! You burn the cyan ugly thing.
The cyan ugly thing engulfs you.
* * * LOW HITPOINT WARNING * * *
The cyan ugly thing shocks you!
* * * LOW HITPOINT WARNING * * *
Warning x2: The brown ugly thing is fas and can hit for high damage in melee, corroding equipment!
The purple ugly thing can hit for high damage in melee!
You feel much better.
The cyan ugly thing basks in the mutagenic energy from its kin and changes!
The brown ugly thing headbutts you but does no damage.
Warning x3: The brown ugly thing is fas and can hit for high damage in melee, corroding equipment!
The purple ugly thing can hit for high damage in melee! x2
You slice the brown ugly thing!! You burn the brown ugly thing.
You kill the brown ugly thing!
Trog accepts your kill.
You closely miss the purple ugly thing.
A death knight comes into view. It is wielding a +4 vorpal battleaxe.
The purple ugly thing basks in the mutagenic energy from its kin and changes!
Spoiler Alert: The purple ugly thing can hit for high damage in melee!
You hit the purple ugly thing. You burn the purple ugly thing.
You headbutt the purple ugly thing.
A yaktaur comes into view.
Warning x2: The purple ugly thing can hit for high damage in melee!
The yaktaur can hit for high damage at range!
You closely miss the purple ugly thing. The purple ugly thing misses you.
Warning x2: The purple ugly thing can hit for high damage in melee!
The yaktaur can hit for high damage at range!
You cut the purple ugly thing into ribbons!!!
You burn the purple ugly thing.
You kill the purple ugly thing!
Trog accepts your kill. Something appears at your feet!
You see here a +4 vorpal battleaxe.
Trog grants you a weapon!
You slash the cyan ugly thing! You burn the cyan ugly thing.
The yaktaur changes into a cyclops!
Warning x2: The cyclops shaped shifter can throw large rocks!
The seven-headed hydra can hit for high damage in melee!
You slash the cyan ugly thing! You burn the cyan ugly thing.
You barely miss the cyan ugly thing. The cyan ugly thing closely misses you.
The cyan ugly thing claws you.
* * * LOW HITPOINT WARNING * * *
The cyan ugly thing shocks you!
* * * LOW HITPOINT WARNING * * *
Warning x2: The cyclops shaped shifter can throw large rocks!
The seven-headed hydra can hit for high damage in melee!
Okay, then.
Warning x2: The cyclops shaped shifter can throw large rocks!
The seven-headed hydra can hit for high damage in melee!
You feel much better.
The death knight invokes the aid of Yredelemnul against you.
You resist with almost no effort. The cyan ugly thing barely misses you.
You furiously retaliate!
You headbutt the cyan ugly thing, but do no damage.
The cyan ugly thing claws you but does no damage.
Something unseen opens the door.
The cyan ugly thing closely misses you.
Warning x2: The cyclops shaped shifter can throw large rocks!
The seven-headed hydra can hit for high damage in melee!
You barely miss the cyan ugly thing. You headbutt the cyan ugly thing!
You slash the death knight! You burn the death knight.
You hit the cyan ugly thing. You burn the cyan ugly thing.
The cyan ugly thing claws you. The cyan ugly thing shocks you!
* * * LOW HITPOINT WARNING * * *
The death knight hits you with a +4 vorpal battleaxe!
* * * LOW HITPOINT WARNING * * *
x2 The cyan ugly thing claws you.
* * * LOW HITPOINT WARNING * * *
The cyan ugly thing shocks you!
* * * LOW HITPOINT WARNING * * *
The cyan ugly thing claws you but does no damage.
Warning x2: The cyclops shaped shifter can throw large rocks!
The seven-headed hydra can hit for high damage in melee!
You barely miss the death knight. You hit the cyan ugly thing.
You burn the cyan ugly thing. You slash the cyan ugly thing!
You burn the cyan ugly thing.
You feel yourself speed up.
The death knight hits you with a +4 vorpal battleaxe.
* * * LOW HITPOINT WARNING * * *
x2 The cyan ugly thing claws you!
* * * LOW HITPOINT WARNING * * *
The cyan ugly thing shocks you!
You die...

#..# #####..# #......+
#......#. #......#..
#......###'#####+### +
###......#...†.#.....# .#
#........#.#.#C#u}:).#.#
#........'.#†##u@p.).'.#
#........#.#..D#))}..#..#
#........#.....#..!..#
#........###+#####+###
#........# #........#
#........+ #........#


You could see a death knight, a seven-headed hydra, 2 ugly things and a cyclops
shaped shifter.

Vanquished Creatures
  Kirke (D:12)
  An orc warlord (Orc:1)
  A very ugly thing (D:14)
  Nessos (Lair:6)
  A fire dragon (Lair:6)
  Fannar (Lair:1)
  3 vault guards (D:13)
  8 hydras
  2 ogre magi (D:14)
  A boulder beetle (D:11)
  7 two-headed ogres
  3 catoblepae
  3 centaur warriors
  3 orc high priests (Orc:2)
  2 deep elf knights (D:11)
  A deep elf archer (D:11)
  A wizard (D:14)
  8 orc knights
  A lindwurm (Lair:6)
  A deep elf pyromancer (D:12)
  A deep elf zephyrmancer (D:14)
  A manticore (D:14)
  3 orc sorcerers
  3 cyclopes
  11 ugly things (D:14)
  3 centaur zombies (D:11)
  5 elephants (Lair:5)
  9 black mambas (Lair:6)
  2 molten gargoyles (Lair:6)
  13 cane toads
  A torpor snail (Lair:5)
  A gargoyle (D:12)
  2 komodo dragons (shapeshifter)
  2 freezing wraiths
  6 rime drakes
  An unseen horror (D:13)
  22 komodo dragons
  4 trolls
  3 meliai (D:14)
  Grinder (D:3)
  A queen bee (D:9)
  6 polar bears
  8 blink frogs
  3 hornets
  14 dream sheep
  A centaur simulacrum (D:11)
  A water elemental (D:11)
  Grum (Lair:1)
  4 wyverns
  3 vampires
  43 yaks
  A human (shapeshifter) (D:13)
  3 wraiths
  3 hogs (D:12)
  8 humans (D:13)
  14 basilisks
  2 steam dragons (Lair:6)
  Menkaure (D:5)
  8 vampire mosquitoes
  An acid dragon (D:12)
  3 wargs (Orc:2)
  4 hell hounds (Lair:6)
  20 water moccasins
  2 sky beasts
  2 ice beasts
  44 orc warriors
  A black bear (Lair:2)
  9 ogres
  15 wolves
  5 centaurs
  2 phantoms
  2 kobold brigands
  Blork the orc (D:5)
  16 bullfrogs
  A water moccasin zombie (D:5)
  A scorpion (D:5)
  A water moccasin skeleton (D:5)
  23 killer bees (D:9)
  11 wights
  9 electric eels
  7 howler monkeys
  2 bullfrog zombies (D:5)
  9 hounds
  5 lava snakes (Lair:6)
  4 bullfrog skeletons
  Crazy Yiuf (D:2)
  12 orc priests
  4 jellies
  Terence (D:3)
  Jessica (D:3)
  5 iguanas
  Natasha (thrice) (D:2)
  18 orc wizards
  7 hell rats (Lair:5)
  A hound zombie (Ossuary)
  2 hound skeletons (D:4)
  4 mummies (Ossuary)
  2 howler monkey zombies
  3 gnolls (D:5)
  4 howler monkey skeletons
  7 adders
  3 white imps
  3 ufetubi
  A worm (D:2)
  3 dart slugs
  73 orcs
  6 endoplasms
  3 giant cockroaches
  A gnoll zombie (Ossuary)
  3 goblins
  6 hobgoblins
  8 jackals
  5 quokkas
  4 ball pythons
  11 bats
  4 frilled lizards
  A goblin zombie (Ossuary)
  A hobgoblin zombie (Ossuary)
  2 jackal zombies (Ossuary)
  14 kobolds
  3 kobold zombies (Ossuary)
  2 orc zombies (Ossuary)
  8 rats
  A rat zombie (Ossuary)
  A butterfly (D:6)
711 creatures vanquished.

Vanquished Creatures (collateral kills)
  A wight (D:8)
1 creature vanquished.

Vanquished Creatures (others)
  A human (D:13)
  3 kobolds (D:8)
  79 fungi
  82 plants
165 creatures vanquished.

Grand Total: 877 creatures vanquished

Notes
Turn   | Place    | Note
-------+----------+-------------------------------------------
     0 | D:1      | Unholydonuts the Minotaur Berserker began the quest for the
                  | Orb.
     0 | D:1      | Reached XP level 1. HP: 19/19 MP: 0/0
    65 | D:1      | Reached XP level 2. HP: 27/27 MP: 1/1
    72 | D:1      | Reached skill level 4 in Axes
   315 | D:1      | Reached ** piety under Trog
   696 | D:1      | Reached XP level 3. HP: 33/33 MP: 2/2
   701 | D:1      | Reached skill level 4 in Fighting
   828 | D:1      | Found a faded altar of an unknown god.
   905 | D:2      | Noticed Natasha
   911 | D:2      | Killed Natasha
   912 | D:2      | Reached skill level 3 in Armour
   986 | D:2      | Reached XP level 4. HP: 35/40 MP: 3/3
  1119 | D:2      | Reached skill level 3 in Dodging
  1281 | D:2      | Found a radiant altar of Vehumet.
  1339 | D:2      | Noticed Natasha
  1348 | D:2      | Killed Natasha
  1349 | D:2      | Reached skill level 5 in Axes
  1473 | D:2      | Noticed Natasha
  1483 | D:2      | Killed Natasha
  1484 | D:2      | Reached XP level 5. HP: 44/47 MP: 4/4
  1855 | D:2      | Found a runed translucent door.
  1856 | D:2      | Noticed Crazy Yiuf
  2081 | D:2      | Killed Crazy Yiuf
  2185 | D:3      | Noticed Grinder
  2514 | D:3      | Found a burning altar of Makhleb.
  2572 | D:3      | Noticed Jessica
  2577 | D:3      | Killed Jessica
  2739 | D:3      | Reached skill level 4 in Armour
  2939 | D:3      | Noticed Terence
  2946 | D:3      | Killed Terence
  2947 | D:3      | Reached XP level 6. HP: 44/55 MP: 5/5
  3104 | D:3      | Reached skill level 6 in Axes
  3182 | D:3      | Killed Grinder
  3183 | D:3      | Reached skill level 5 in Fighting
  3183 | D:3      | Reached skill level 4 in Dodging
  3373 | D:4      | Reached XP level 7. HP: 61/61 MP: 6/6
  3397 | D:4      | Reached *** piety under Trog
  4111 | D:5      | Entered Level 5 of the Dungeon
  4111 | D:5      | Noticed Menkaure
  4115 | D:5      | Killed Menkaure
  4116 | D:5      | Reached skill level 7 in Axes
  4254 | D:5      | Found a white marble altar of Elyvilon.
  4264 | D:5      | Noticed Blork the orc
  4271 | D:5      | Killed Blork the orc
  4272 | D:5      | Reached skill level 5 in Armour
  4746 | D:5      | Reached skill level 6 in Fighting
  4854 | D:5      | Reached skill level 8 in Axes
  4854 | D:5      | Reached XP level 8. HP: 41/70 MP: 7/7
  4856 | D:5      | Reached skill level 5 in Dodging
  5279 | D:5      | Reached **** piety under Trog
  5280 | D:5      | Reached skill level 6 in Armour
  5596 | D:5      | Identified the +8 mace of Ruination {flame, rCorr}
  5673 | D:5      | Reached skill level 9 in Axes
  5961 | D:6      | Found a staircase to the Ecumenical Temple.
  5970 | D:6      | Reached skill level 7 in Fighting
  6016 | D:6      | Found Bakiurph's Distillery.
  6036 | D:6      | Reached skill level 6 in Dodging
  6215 | D:6      | Bought a potion of attraction for 39 gold pieces
  6215 | D:6      | Bought a potion of haste for 130 gold pieces
  6215 | D:6      | Bought a potion of heal wounds for 65 gold pieces
  6215 | D:6      | Bought a potion of flight for 39 gold pieces
  6215 | D:6      | Bought a potion of curing for 39 gold pieces
  6268 | D:6      | Reached XP level 9. HP: 74/75 MP: 8/8
  6728 | D:7      | Reached skill level 7 in Armour
  6846 | D:7      | Reached skill level 10 in Axes
  7352 | D:7      | Identified the +0 robe of the Catamount {rF+ Regen+ MP+9
                  | Stlth-}
  7938 | D:7      | Reached skill level 8 in Fighting
  8073 | D:7      | Found a broken altar of Ashenzari.
  8103 | D:7      | Found a stormy altar of Qazlal.
  8362 | D:8      | Found a sand-covered staircase.
  8376 | Ossuary  | Entered an ossuary
  8626 | D:8      | Reached ***** piety under Trog
  8627 | D:8      | Reached skill level 7 in Dodging
  8642 | D:8      | Reached skill level 11 in Axes
  8648 | D:8      | Reached skill level 8 in Armour
  8649 | D:8      | Found a staircase to the Lair.
  8656 | D:8      | HP: 26/123 [electric eel/bolt of electricity (8)]
  8931 | D:8      | Noticed a troll
  8943 | D:8      | Killed a troll
  8944 | D:8      | Reached XP level 10. HP: 61/90 MP: 9/9
  8999 | D:8      | HP: 21/90 [poisoned by a kobold brigand (curare-tipped
                  | dart)]
  9001 | D:8      | HP: 10/90 [poisoned by a kobold brigand (curare-tipped
                  | dart)]
  9300 | D:8      | Noticed a two-headed ogre
  9311 | D:8      | Killed a two-headed ogre
  9316 | D:8      | Noticed a two-headed ogre
  9326 | D:8      | HP: 22/90 [two-headed ogre (21)]
  9331 | D:8      | HP: 17/90 [two-headed ogre (3)]
  9357 | D:7      | HP: 29/135 [two-headed ogre (26)]
  9359 | D:7      | Killed a two-headed ogre
  9360 | D:7      | Reached skill level 9 in Fighting
  9360 | D:7      | Reached skill level 12 in Axes
  9704 | D:8      | Reached skill level 8 in Dodging
 10176 | D:9      | Reached skill level 9 in Armour
 10430 | D:9      | Received a gift from Trog
 10455 | D:9      | Found a staircase to the Orcish Mines.
 10953 | D:9      | Reached XP level 11. HP: 87/99 MP: 10/10
 10959 | D:9      | Reached skill level 13 in Axes
 11222 | D:9      | Unholydonuts: ??ambrosia
 11222 | D:9      | beem: potion of ambrosia[1/1]: Gives 3-10 turns of
                  | confusion and an HP/MP recovery effect (3-5 of each per
                  | turn). The recovery depends on the confusion; clarity no
                  | longer blocks either in 0.18. Works for deep dwarves! New
                  | in 0.16, replacing !confusion.
 11248 | D:10     | Entered Level 10 of the Dungeon
 11250 | D:10     | Noticed a two-headed ogre
 11253 | D:10     | Killed a two-headed ogre
 11254 | D:10     | Reached skill level 10 in Fighting
 12234 | Orc:1    | Entered Level 1 of the Orcish Mines
 12433 | D:9      | Identified 2 scrolls of acquirement
 12437 | D:9      | Unholydonuts: ??aquirement
 12437 | D:9      | beem: aquirement ~ acquirement[1/3]: The scroll presents
                  | you with a list of three randomly generated high quality
                  | items (two for felids) plus gold; you pick one. Items
                  | categories are randomly chosen from weapon, armour, staves,
                  | jewellery, and book, with felids always recieving jewellery
                  | and book. See ?? acquirement for more info on what gets
                  | generated in each category.
 12437 | D:9      | Unholydonuts: ??distort
 12437 | D:9      | beem: distortion[1/6]: A weapon brand. When it hits,
                  | inflicts a random option from "1-7 bonus damage" (35%
                  | chance), "3-26 bonus damage" (25%), blink (20%), or banish
                  | (5%). When you unwield, you suffer wild translocation
                  | effects - 50% chance of teleport near monsters, 25%
                  | banishment, 25% severe contam.
 12437 | D:9      | Acquired a +0 pair of boots of flying
 12455 | D:9      | Unholydonuts: c??flame
 12455 | D:9      | Unholydonuts: ??flame
 12455 | D:9      | beem: flaming[1/1]: Increases damage by (on average) 25%
                  | against non-fire-resistant monsters, 37.5% on rF-, still
                  | 12.5% on rF+, 0 on rF+++. Slicing/chopping flaming weapons
                  | will cauterize hydra necks, preventing the heads from
                  | regrowing.
 12455 | D:9      | Acquired the +3 executioner's axe of Zuifuph {flame, rN++
                  | MP+9 Int+4 Dex-2}
 12524 | Orc:1    | Noticed a two-headed ogre
 12527 | Orc:1    | Killed a two-headed ogre
 12654 | Orc:1    | Noticed an orc sorcerer
 12663 | Orc:1    | Killed an orc sorcerer
 12664 | Orc:1    | Reached skill level 14 in Axes
 12840 | Orc:2    | Entered Level 2 of the Orcish Mines
 12846 | Orc:2    | Noticed an orc knight
 12855 | Orc:2    | Killed an orc knight
 13163 | Orc:2    | Noticed an orc sorcerer
 13200 | Orc:2    | Killed an orc sorcerer
 13355 | Orc:2    | Noticed an orc knight
 13367 | Orc:2    | Killed an orc knight
 13368 | Orc:2    | Reached skill level 15 in Axes
 13475 | Orc:2    | Noticed an orc high priest
 13486 | Orc:2    | Noticed a sixfirhy
 13486 | Orc:2    | Killed an orc high priest
 13611 | Orc:2    | Noticed an orc warlord
 13881 | Orc:1    | Killed an orc warlord
 13882 | Orc:1    | Reached skill level 16 in Axes
 13882 | Orc:1    | Reached XP level 12. HP: 66/106 MP: 11/11
 14280 | Orc:2    | Received a gift from Trog
 14316 | Orc:2    | Noticed an orc high priest
 14320 | Orc:2    | Noticed an orc high priest
 14324 | Orc:2    | Killed an orc high priest
 14329 | Orc:2    | Killed an orc high priest
 14338 | Orc:2    | Reached skill level 17 in Axes
 14956 | Orc:2    | Found Zageres's General Store.
 14956 | Orc:2    | Found Geon's Antique Armour Shoppe.
 14976 | Orc:2    | Unholydonuts: ??shadow cdragon scales
 14976 | Orc:2    | beem: shadow cdragon scales ~ shadow dragon scales[1/1]:
                  | 10AC, 15 ER, Stlth++++ (Stlth+ compared to robes).
                  | Sometimes dropped by a {shadow dragon} when it dies.
 15004 | Orc:2    | Found a staircase to the Elven Halls.
 15025 | Orc:2    | Found Esaec's Book Shop.
 15039 | Orc:2    | Found Jieduiwa's Firing Range.
 15098 | Orc:2    | Noticed a two-headed ogre
 15102 | Orc:2    | Killed a two-headed ogre
 15447 | Orc:2    | Found Rohycun's Antique Weapon Shoppe.
 15609 | Orc:2    | Reached skill level 18 in Axes
 16517 | D:11     | Noticed a two-headed ogre
 16522 | D:11     | Killed a two-headed ogre
 16650 | D:11     | Noticed a two-headed ogre
 16656 | D:11     | Killed a two-headed ogre
 16657 | D:11     | Reached skill level 19 in Axes
 17176 | D:11     | Noticed a boulder beetle
 17197 | D:11     | Killed a boulder beetle
 17197 | D:11     | Received a gift from Trog
 17198 | D:11     | Reached XP level 13. HP: 52/113 MP: 12/12
 17618 | D:11     | Found an iron altar of Okawaru.
 17627 | D:11     | Reached skill level 20 in Axes
 17868 | D:11     | Identified the +0 scale mail "Ilopp" {rPois}
 17870 | D:11     | Identified the +1 chain mail of Anarchy {Will+ Int+4}
 17922 | D:11     | Identified the +7 chain mail "Ufysib" {rPois Regen+ Dex-2}
 18394 | Lair:1   | Entered Level 1 of the Lair of Beasts
 18694 | Lair:1   | Noticed Fannar
 18704 | Lair:1   | Killed Fannar
 18729 | Lair:1   | Noticed Grum
 18740 | Lair:1   | Killed Grum
 19323 | Lair:2   | Received a gift from Trog
 19439 | Lair:2   | Reached skill level 21 in Axes
 19441 | Lair:2   | Found a staircase to the Snake Pit.
 20677 | Lair:4   | Found a staircase to the Swamp.
 20725 | Lair:4   | Reached skill level 22 in Axes
 20727 | Lair:4   | Reached XP level 14. HP: 117/121 MP: 13/13
 21372 | Lair:5   | Received a gift from Trog
 22006 | Lair:6   | Entered Level 6 of the Lair of Beasts
 22013 | Lair:6   | Reached skill level 23 in Axes
 22157 | Lair:6   | HP: 39/181 [catoblepas (8)]
 22227 | Lair:6   | Received a gift from Trog
 22286 | Lair:6   | Acquired the +3 pair of seven-league boots {Rampage+∞}
 22287 | Lair:6   | Found the +3 pair of seven-league boots {Rampage+∞}
 22405 | Lair:6   | Noticed Nessos
 22434 | Lair:6   | Killed Nessos
 22438 | Lair:6   | Reached skill level 24 in Axes
 22438 | Lair:6   | HP: 29/121 [black mamba (3)]
 22579 | Lair:6   | Found a large runed translucent door.
 22731 | Lair:6   | Found a large runed translucent door.
 22885 | Lair:6   | Found a viscous altar of Jiyva.
 22885 | Lair:6   | Found a staircase to the Slime Pits.
 23530 | D:12     | Reached XP level 15. HP: 126/126 MP: 14/14
 23743 | D:12     | Noticed Kirke
 23752 | D:12     | Killed Kirke
 24799 | D:13     | Received a gift from Trog
 25072 | D:13     | Reached skill level 25 in Axes
 25237 | D:13     | Found a gate to the Vaults.
 26027 | D:14     | Identified the +1 leather armour of Too Many Cooks {rF+ rC+
                  | rN+ Regen+}
 26036 | D:14     | Unholydonuts: ??condenser vane
 26036 | D:14     | beem: condenser vane[1/3]: A single-charge {xp evoker} that
                  | places clouds on all targets in LOS. Cloud type scales with
                  | Evocations.
 26052 | D:14     | HP: 18/126 [cyan ugly thing (17)]
 26056 | D:14     | HP: 2/126 [cyan ugly thing (17)]
 26061 | D:14     | Received a gift from Trog
 26062 | D:14     | HP: 20/126 [cyan ugly thing (16)]
 26064 | D:14     | HP: 9/126 [cyan ugly thing (12)]
 26065 | D:14     | HP: 1/126 [cyan ugly thing (7)]
 26065 | D:14     | Demolished by a cyan ugly thing

Illustrated notes

Levels and vault maps discovered:
D:1:      dpeg_arrival_ratfight, layout_basic,
          hellmonk_ecumenical_altar_heavens_door, minmay_misc_feat_cross
D:2:      minmay_wonky_spiral, layout_basic, basic_altar, st_stairs_5,
          uniq_crazy_yiuf_cottage, uniq_natasha
D:3:      layout_basic, bloody_makhleb, uniq_grinder, uniq_terence, uniq_jessica
D:4:      layout_gridville, chequers_mini_garden
D:5:      minmay_razor_zed, layout_basic, nicolae_elyvilon_peaceful_grove,
          minmay_circle_x, uniq_blork_the_orc, uniq_menkaure
D:6:      layout_cave_pools, minmay_temple_entry_proselytizer, serial_shops,
          shop_statue
D:7:      layout_gridville, mainiacjoe_overflow_two_lobes, serial_bayou_lake_a
D:8:      layout_rooms, erik_lair_island, nicolae_ossuary_entry_plus,
          hangedman_decor_clover_reticule, grunt_ministairs_9,
          serial_bayou_crossing
D:9:      layout_roguey, hiddenorc2_lemuel, special_room [special_room_bee]
D:10:     layout_basic
D:11:     evilmike_iron_armoury, layout_gridville, serial_ice, serial_ice_d,
          serial_ice_j, serial_ice_h, serial_ice_f, minmay_diamond_spiral
D:12:     layout_roguey, uniq_kirke
D:13:     layout_basic, ximxim_vaults_locker_room, kennysheep_generic_room_14
D:14:     minmay_the_grid_square_5x5_3x3 [minmay_the_grid_square_5x5_inner_v,
          minmay_the_grid_square_5x5_spiral_small,
          minmay_the_grid_square_5x5_fat_x, minmay_the_grid_square_5x5_z,
          minmay_the_grid_square_5x5_megaprize_open,
          minmay_the_grid_square_5x5_trominoes, minmay_the_grid_square_5x5_six,
          minmay_the_grid_square_5x5_two_small,
          minmay_the_grid_square_5x5_tri_point], layout_irregular_city,
          serial_rivers, chequers_serial_rivers_micro_b,
          chequers_serial_rivers_large_a, chequers_serial_rivers_micro_b,
          chequers_serial_rivers_micro_a
Lair:1:   beast_lair_carwin_large_2, layout_small_grid, uniq_fannar,
          uniq_maggie, uniq_grum
Lair:2:   layout_roguey, dummy_snake_entry
Lair:3:   layout_gridlike
Lair:4:   layout_gridlike, swamp_mist
Lair:5:   layout_roguey, lemuel_fruit_fields, serial_bayou_shore_a
Lair:6:   cheibrodos_lair_end_hotspot, layout_loops_ring,
          dpeg_slime_entry_enclosed_altar, kennysheep_basilisk_garden,
          uniq_nessos
Orc:1:    layout_diamond_mine
Orc:2:    grunt_orc_gardens, layout_diamond_mine, grunt_orc_garden,
          grunt_orc_garden, grunt_orc_garden, grunt_orc_garden,
          nicolae_shop_firing_range

Skill      XL: |  1  2  3  4  5  6  7  8  9 10 11 12 13 14 15 |
---------------+----------------------------------------------+-----
Axes           | 4 5 6 8 9 11 12 16 19 22 24 25 | 25.8
Fighting       | 4 5 6 7 8 9 10 | 10.1
Armour         | 3 4 5 6 8 9 |  9.8
Dodging        | 3 4 6 7 8 |  8.9

Action                   |  1- 3 |  4- 6 |  7- 9 | 10-12 | 13-15 || total
-------------------------+-------+-------+-------+-------+-------++-------
Melee: Hand axe          |    57 |    62 |       |       |       ||   119
       Headbutt          |     8 |    14 |    54 |   104 |   172 ||   352
       War axe           |       |    42 |   279 |    95 |       ||   416
       Battleaxe         |       |       |       |   111 |       ||   111
       Executioner's axe |       |       |       |   234 |   687 ||   921
Invok: Berserk           |     1 |     4 |     4 |    11 |     8 ||    28
       Trog's Hand       |       |     1 |       |     3 |     5 ||     9
       Brothers in Arms  |       |       |       |     1 |       ||     1
Evoke: Wand              |       |       |     4 |       |       ||     4
  Use: Potion            |       |       |       |     1 |     2 ||     3
       Scroll            |       |       |       |    23 |     5 ||    28
 Stab: Sleeping          |     2 |     1 |       |       |       ||     3
       Distracted        |       |       |       |     1 |       ||     1
       Petrified         |       |       |       |       |     6 ||     6
Armor: Animal skin       |    16 |    14 |       |       |       ||    30
       Scale mail        |       |     4 |       |       |       ||     4
       Chain mail        |       |    14 |   120 |    95 |   304 ||   533
       Plate armour      |       |       |       |   103 |   158 ||   261
Dodge: Dodged            |    43 |    61 |   152 |   355 |   480 ||  1091

Table legend: (Time is in decaauts)
 A = Elapsed time spent in this place.
 B = Non-inter-level travel time spent in this place.
 C = Inter-level travel time spent in this place.
 D = Time resting spent in this place.
 E = Time spent auto-exploring this place.
 F = Levels seen in this place.
 G = Mean time per level.
                   A        B        C        D        E       F      G
               +--------+--------+--------+--------+--------+-----+--------+
         Total |  26377 |  25359 |   1018 |   6948 |  14562 |  23 | 1146.8 |
       Dungeon |  17507 |  16855 |    652 |   4683 |   9909 |  14 | 1250.5 |
          Lair |   4934 |   4688 |    246 |    174 |   3526 |   6 |  822.3 |
  Orcish Mines |   3735 |   3615 |    120 |   2090 |    983 |   2 | 1867.5 |
       Ossuary |    201 |    201 |      0 |      0 |    144 |   1 |  201.0 |
               +--------+--------+--------+--------+--------+-----+--------+

Top non-repeatable levels by time:
   Orc:2: 2219 daAuts
    D:11: 2202 daAuts
     D:7: 1984 daAuts
     D:5: 1884 daAuts
     D:9: 1536 daAuts
   Orc:1: 1515 daAuts
     D:2: 1393 daAuts
     D:8: 1316 daAuts
    D:13: 1257 daAuts
  Lair:6: 1244 daAuts
     D:3: 1146 daAuts
    D:10: 1027 daAuts
  Lair:1: 945 daAuts
     D:1: 874 daAuts
    D:12: 837 daAuts

Table legend:
 A = Kills in this place as a percentage of kills in entire the game.
 B = Kills by you in this place as a percentage of kills by you in the entire game.
 C = Kills by friends in this place as a percentage of kills by friends in the entire game.
 D = Other kills in this place as a percentage of other kills in the entire game.
 E = Experience gained in this place as a percentage of experience gained in the entire game.
 F = Experience gained in this place divided by the number of levels of this place that you have seen.
                   A       B       C       D       E      F
               +-------+-------+-------+-------+-------+----------------------
         Total | 100.0 | 100.0 | 100.0 |   N/A | 100.0 | 5887.8
       Dungeon |  56.7 |  56.6 | 100.0 |   N/A |  44.6 | 4313.4
          Lair |  29.0 |  29.0 |   0.0 |   N/A |  41.9 | 9451.8
  Orcish Mines |  12.1 |  12.1 |   0.0 |   N/A |  13.5 | 9109.0
       Ossuary |   2.3 |   2.3 |   0.0 |   N/A |   0.1 | 104.0
               +-------+-------+-------+-------+-------+----------------------
